AoeStats
← Edo 06

MegaRandom

505240635Analyzed
3v3 RM · 22d ago on Sep 8, 2026· 44m 53s· 6 players
Game mode
Random Map
Map size
Normal (6 player)
Population
200
Speed
Normal
Resources
Standard
Victory
Conquest
Starting age
Dark Age
Ending age
Imperial Age
RankedLock teamsTeams togetherTeam positionsShared explorationLock speedFull tech treeHidden civsTurbo modeCheats
Victory
Defeat
🇬🇧 Byzantines · United Kingdom
884
+3
🇹🇷 Chinese · Türkiye
738
+7
🇫🇷 Spanish · France
732
+7
🇬🇧 Celts · United Kingdom
729
-11
🇮🇹 Italians · Italy
419
-3
🇩🇪 Persians · Germany
351
-3
jacob.calland
10:15 Feudal Age
10:08 Loom
14:51 Castle Age
13:42 Double-Bit Axe
13:39 Horse Collar
26:24 Pikeman
Kit_tr
11:36 Feudal Age
11:52 Horse Collar
12:00 Double-Bit Axe
13:05 Wheelbarrow
12:20 Loom
13:43 Town Watch
15:45 Gold Mining
15:46 Stone Mining
16:35 Scale Barding Armor
16:41 Forging
20:03 Castle Age
21:05 Hand Cart
20:51 Town Patrol
21:44 Chain Barding Armor
22:01 Iron Casting
21:44 Squires
29:36 Gold Shaft Mining
29:36 Stone Shaft Mining
31:04 Pikeman
33:31 Gambesons
33:35 Arson
35:09 Husbandry
39:13 Imperial Age
37:42 Bloodlines
39:12 Caravan
39:43 Coinage
38:58 Heavy Camel Rider
39:30 Elite War Elephant
40:36 Conscription
39:45 Man-at-Arms
39:46 Halberdier
44:43 Blast Furnace
44:19 Plate Barding Armor
45:15 Bow Saw
Superfede2012
5:12 Loom
11:15 Feudal Age
12:31 Double-Bit Axe
16:21 Horse Collar
19:50 Wheelbarrow
23:16 Castle Age
21:03 Town Watch
22:51 Gold Mining
25:42 Hand Cart
26:10 Squires
27:02 Stone Mining
27:16 Heavy Plow
28:01 Bow Saw
29:41 Husbandry
29:52 Scale Barding Armor
29:51 Scale Mail Armor
31:07 Forging
32:45 Thumb Ring
33:40 Fletching
34:34 Bodkin Arrow
37:40 Stone Shaft Mining
37:29 Caravan
Murphy
1:02 Loom
12:05 Feudal Age
19:14 Castle Age
17:51 Double-Bit Axe
17:49 Horse Collar
18:11 Stone Mining
27:26 Bow Saw
27:19 Heavy Plow
28:24 Ballistics
28:35 Gold Mining
28:56 Thumb Ring
29:05 Murder Holes
29:05 Fletching
29:15 Padded Archer Armor
29:56 Bodkin Arrow
31:09 Leather Archer Armor
35:56 Imperial Age
38:15 Chemistry
37:49 Bracer
39:25 Ring Archer Armor
41:55 Heavy Rocket Cart
Dayman
10:01 Feudal Age
9:22 Loom
12:33 Double-Bit Axe
16:59 Castle Age
20:02 Horse Collar
27:28 Redemption
30:30 Scale Barding Armor
30:36 Forging
31:20 Elite Skirmisher
32:43 Fletching
33:28 Iron Casting
33:14 Chain Barding Armor
39:55 Imperial Age
38:06 Pikeman
38:32 Gambesons
38:47 Squires
41:00 Scale Mail Armor
42:37 Halberdier
43:45 Murder Holes
44:10 Chain Mail Armor
Edo 06
10:41 Feudal Age
11:30 Horse Collar
11:39 Double-Bit Axe
19:32 Castle Age
21:02 Gold Mining
21:02 Stone Mining
21:27 Scale Barding Armor
23:00 Chain Barding Armor
22:53 Heavy Plow
23:06 Bow Saw
31:43 Fortified Wall
33:30 Bloodlines
33:24 Husbandry
34:55 Ballistics
37:34 Wheelbarrow
41:05 Imperial Age
41:37 Elite Conquistador
42:40 Conscription
43:30 Chemistry
Connection lost

Rejoining the realm…

Still unreachable

The connection could not be restored.

Session expired

The server has moved on; the page needs a fresh start.